 Dungeon Crawl Stone Soup version 0.28-a0-872-g80cf8599ee (webtiles) character file.

Game seed: 5410067330756931420

50 croobank the Sneak (level 3, -2/30 HPs)
             Began as a Demigod Delver on Nov 20, 2021.
             Slain by Terence (5 damage)
             ... on level 3 of the Dungeon.
             The game lasted 00:16:29 (2735 turns).

croobank the Sneak (Demigod Delver)                 Turns: 2735, Time: 00:16:30

Health: -2/30      AC:  3    Str: 17    XL:     3   Next: 35%
Magic:  5/5        EV: 12    Int: 12    God:
Gold:   78         SH:  0    Dex: 15    Spells: 2/2 levels left

rFire   . . .      SeeInvis .   a - +0 hand axe
rCold   . . .      Faith    .   (no shield)
rNeg    . . .      Spirit   .   b - +0 leather armour
rPois   .          Reflect  .   (no helmet)
rElec   .          Harm     .   e - scarf {+Inv}
rCorr   .          Rampage  .   (no gloves)
Will    .....                   (no boots)
Stlth   +++.......              (no amulet)
HPRegen 0.10/turn               (no ring)
MPRegen 0.09/turn               (no ring)

@: no status effects
A: high mp 1, forlorn
a: Evoke Invisibility


You were on level 3 of the Dungeon.
You visited 1 branch of the dungeon, and saw 4 of its levels.

You collected 78 gold pieces.

Inventory:

Hand Weapons
 a - a +0 hand axe (weapon)
 l - a +0 hand crossbow
 m - a +0 short sword
Missiles
 h - a poisoned dart (quivered)
 n - 19 bolts
 r - 84 stones
Armour
 b - a +0 leather armour (worn)
 e - a scarf of invisibility (worn)
 o - a +0 chain mail
Wands
 g - a wand of digging (3)
Scrolls
 c - a scroll of fog
 d - a scroll of magic mapping
Potions
 f - a potion of flight
 i - a potion of ambrosia
 p - 2 potions of cancellation


   Skills:
 + Level 2.7 Fighting
 + Level 2.3 Axes
 + Level 0.4 Armour
 + Level 2.1 Dodging
 + Level 5.2 Stealth


You had 2 spell levels left.
You didn't know any spells.
Your spell library contained the following spells:

 Spells                   Type           Power      Damage    Failure   Level
 Summon Small Mammal      Summ           0%         N/A       36%         1
 Call Canine Familiar     Summ           0%         N/A       75%         3
 Summon Guardian Golem    Hex/Summ       0%         N/A       75%         3


Dungeon Overview and Level Annotations

Branches:
Dungeon (5/15)
 Temple: D:4-7

Annotations:
D:3 Terence


Innate Abilities, Weirdness & Mutations

Your attributes grow dramatically as you level up.
You have an increased reservoir of magic. (+10% MP)
You shall have no god before yourself.


Message History

You slash the dart slug!
You kill the dart slug!
A goblin comes into view. It is wielding a +0 club.
The helpless goblin fails to defend itself.
You hit the goblin.
The goblin is severely wounded.
The goblin closely misses you.
You hit the goblin but do no damage.
The goblin is severely wounded.
The goblin closely misses you. The goblin hits you with a +0 club.
You hit the goblin.
You kill the goblin!
You see here a +0 club.
You now have 78 gold pieces (gained 16).
You barely miss Terence.
Terence shouts!
Terence hits you with a +0 hand axe. x2
You hit Terence.
Terence is lightly wounded.
Terence hits you with a +0 hand axe.
You hit Terence.
Terence is lightly wounded.
Terence hits you with a +0 hand axe.
You closely miss Terence.
Terence is lightly wounded.
Terence closely misses you.
You hit Terence but do no damage.
Terence is lightly wounded.
Terence says, "How do you enjoy it?" Terence hits you with a +0 hand axe.
You barely miss Terence.
Terence is lightly wounded.
Terence hits you with a +0 hand axe.
* * * LOW HITPOINT WARNING * * *
Terence hits you with a +0 hand axe.
* * * LOW HITPOINT WARNING * * *
You barely miss Terence.
Terence is lightly wounded.
Terence hits you with a +0 hand axe.
You die...

P..♣♣≈.....# ##.#####
#P......########.....#*
####.#### #.......#.#
#.#### #.##...#..#
#....# #.##..#...#
###....#####.....#####
#.........)##....#...#
##.#....#####.#....#..#
♣≈.P♣...# #..#@...#.#
♣♣≈P♣...# #..@#....##
♣≈≈♣♣♣..# #####.....#
♣♣≈P♣♣♣.#**##...#....##
♣♣≈≈♣♣♣♣♣...#..#....#.#
P≈.≈P♣♣.P...#.#....#..#
.≈≈.≈≈≈≈....##....#...#
♣.≈≈≈♣♣P♣...#.....#####
♣♣≈♣♣♣♣♣♣...##....#...#


You could see Terence.

Vanquished Creatures
  2 adders
  2 worms
  2 dart slugs
  2 orcs
  2 endoplasms
  A giant cockroach (D:3)
  4 goblins
  3 hobgoblins
  A frilled lizard (D:3)
  2 kobolds (D:4)
21 creatures vanquished.

Vanquished Creatures (others)
  12 plants (D:3)
12 creatures vanquished.

Grand Total: 33 creatures vanquished

Notes
Turn   | Place    | Note
-------+----------+-------------------------------------------
     0 | D:5      | croobank the Demigod Delver began the quest for the Orb.
     0 | D:5      | Reached XP level 1. HP: 18/18 MP: 3/3
   188 | D:3      | Noticed Terence
   452 | D:3      | You fall into a shaft and drop 2 floors!
   538 | D:4      | Reached XP level 2. HP: 10/25 MP: 4/4
  1221 | D:3      | Reached skill level 5 in Stealth
  1626 | D:3      | Reached XP level 3. HP: 25/30 MP: 5/5
  1762 | D:2      | You fall into a shaft and drop 2 floors!
  2735 | D:3      | Slain by Terence

Illustrated notes

Levels and vault maps discovered:
D:2:      layout_basic, nicolae_ecumenical_oubliette, patterned_corridor
D:3:      layout_basic, serial_bayou, serial_bayou_shore_b, serial_bayou_pond_a,
          serial_bayou_crossing, serial_bayou_pond_c, serial_bayou_lagoon_a,
          hangedman_feature_mirror, minmay_tree_intersection,
          hangedman_decor_diamond_cutter, kennysheep_small_spiral,
          grunt_ministairs_1, uniq_terence
D:4:      layout_basic, mainiacjoe_overflow_swirl,
          mainiacjoe_overflow_six_doors_small, roderic_batcave,
          grunt_ministairs_4, amcnicky_mini_pool_small, uniq_edmund
D:5:      lemuel_ice_spiral_2, layout_basic, minmay_temple_entry_overgrown,
          ebering_ghost_sewer_d, portal_sewer_entry_f, doesnt_shop_hydraphobe,
          uniq_menkaure, uniq_pikel

Skill      XL: |  1  2 |
---------------+-------+-----
Dodging        | 2 |  2.1
Stealth        | 5 |  5.2
Axes           | 2 |  2.3
Fighting       | |  2.7
Armour         | |  0.4

Action                   || total
-------------------------++-------
Melee: Hand axe          ||   123
       Unarmed           ||    27
Throw: Dart              ||     4
  Use: Scroll            ||     9
       Potion            ||     2
 Stab: Sleeping          ||     6
       Invisible         ||     1
Armor: Leather armour    ||    22
Dodge: Dodged            ||    78

Table legend: (Time is in decaauts)
 A = Elapsed time spent in this place.
 B = Non-inter-level travel time spent in this place.
 C = Inter-level travel time spent in this place.
 D = Time resting spent in this place.
 E = Time spent auto-exploring this place.
 F = Levels seen in this place.
 G = Mean time per level.
                   A        B        C        D        E       F      G
               +--------+--------+--------+--------+--------+-----+--------+
         Total |   2746 |   2746 |      0 |   1258 |    726 |   4 |  686.5 |
       Dungeon |   2746 |   2746 |      0 |   1258 |    726 |   4 |  686.5 |
               +--------+--------+--------+--------+--------+-----+--------+

Top non-repeatable levels by time:
     D:3: 1265 daAuts
     D:4: 1233 daAuts
     D:2: 209 daAuts
     D:5: 38 daAuts
